[Event "Titled Tuesday Blitz April 12 Early 2022"]
[White "Pesotskiy, Mikhail"]
[Black "Dang, Hoang Son"]
[WhiteFideId "34164453"]
[BlackFideId "12402435"]
[WhiteElo "2010"]
[BlackElo "2252"]
[Result "0-1"]
[Round "10"]
[TimeControl "180+1"]
[Date "2022.04.13"]
[WhiteClock "0:00:04"]
[BlackClock "0:00:28"]

1. d4 Nf6 2. c4 g6 3. Nc3 Bg7 4. e4 O-O 5. Be3 d6 6. f3 c5 7. dxc5 dxc5 8. Qxd8 Rxd8 9. Bxc5 Nc6 10. Nge2 b6 11. Ba3 Bb7 12. Nf4 e6 13. Rd1 Rxd1+ 14. Kxd1 Rd8+ 15. Kc2 Nd4+ 16. Kb1 g5 17. Nd3 g4 18. Ne1 gxf3 19. gxf3 Nxf3 20. Nxf3 Nxe4 21. Bg2 Nxc3+ 22. bxc3 Be4+ 23. Ka1 Rd3 24. Rf1 Rxc3 25. Bb2 a5 26. Rg1 a4 27. Bh1 Bg6 28. Ne5 Bxe5 29. Rxg6+ hxg6 30. Bxc3 Bxc3+ 31. Kb1 a3 32. Kc2 Bd4 33. h3 f5 34. Kd3 Bc5 35. Bc6 Kf7 36. Ke2 Kf6 37. Kf3 e5 38. Ke2 e4 39. Bd5 g5 40. Bg8 Ke5 41. Bh7 f4 42. Ke1 f3 43. Kf1 Kf4 44. Ke1 e3 45. Bd3 Kg3 46. Kf1 Kxh3 47. Bf5+ g4 48. Bd3 0-1


[Site "https://www.chess.com"]

[Event "Titled Tuesday Blitz April 12 Early 2022"]
[White "Petrova, Irina"]
[Black "Legenia, Artem"]
[WhiteFideId "14124122"]
[BlackFideId "14136945"]
[WhiteElo "1993"]
[BlackElo "1936"]
[Result "0-1"]
[Round "10"]
[TimeControl "180+1"]
[Date "2022.04.13"]
[WhiteClock "0:00:02"]
[BlackClock "0:00:11"]

1. e4 d5 2. exd5 Qxd5 3. Nc3 Qa5 4. d4 Nf6 5. Bd2 Bf5 6. Bc4 Qb4 7. Bb3 Qd6 8. Nge2 Nc6 9. Nb5 Qd7 10. Bf4 Rc8 11. d5 Nb4 12. Nbc3 c6 13. O-O Nbxd5 14. Nxd5 Nxd5 15. Bg3 e6 16. Nd4 Bg6 17. c4 Nb6 18. Re1 Be7 19. a4 a5 20. Rc1 O-O 21. c5 Nd5 22. Nf3 Rcd8 23. Ne5 Qe8 24. Nxg6 hxg6 25. Bxd5 Rxd5 26. Qb3 Qd7 27. Red1 Rd8 28. Rxd5 Qxd5 29. Qxd5 Rxd5 30. Bc7 Bxc5 31. Bxa5 Bxf2+ 32. Kxf2 Rxa5 33. b3 b5 34. Rxc6 bxa4 35. bxa4 Rxa4 36. Rc8+ Kh7 37. h3 Ra3 38. Kg1 g5 39. Rc7 Kg6 40. Kf2 Kf6 41. Rb7 Ra4 42. Rc7 g4 43. hxg4 Rxg4 44. Rb7 Ra4 45. Rc7 Kg6 46. Rb7 f5 47. Rc7 Kf6 48. Rb7 g5 49. Rb6 f4 50. Rb5 e5 51. Rb2 Ra3 52. Rc2 Kf5 53. Rb2 e4 54. Rc2 Kg4 55. Rb2 f3 56. gxf3+ Rxf3+ 57. Kg2 Kf4 58. Rb8 g4 59. Rf8+ Ke3 60. Rb8 g3 61. Rb3+ Kf4 62. Rb8 Rf2+ 63. Kg1 Kf3 64. Rb4 e3 65. Rb8 g2 66. Rf8+ Ke2 67. Rb8 Kd3 68. Rd8+ Ke4 69. Re8+ Kf3 70. Rf8+ Ke2 71. Rb8 Rf4 72. Kxg2 Rd4 73. Re8 Kd2 74. Kf3 Rd7 75. Re6 Rf7+ 76. Kg2 e2 77. Rd6+ Ke1 78. Rd8 Rf4 79. Rd7 Rc4 80. Kf3 Rc3+ 81. Kg2 Rc2 82. Kf3 Rd2 83. Re7 Kd1 84. Ra7 Rd3+ 0-1


[Site "https://www.chess.com"]

[Event "Titled Tuesday Blitz April 12 Early 2022"]
[White "Piesik, Piotr"]
[Black "Garv Gaur"]
[WhiteFideId "1136194"]
[BlackFideId "45030839"]
[WhiteElo "2190"]
[BlackElo "1950"]
[Result "0-1"]
[Round "10"]
[TimeControl "180+1"]
[Date "2022.04.13"]
[WhiteClock "0:01:02"]
[BlackClock "0:00:22"]

1. Nf3 d5 2. g3 Nf6 3. Bg2 c5 4. O-O Nc6 5. d3 e5 6. Nbd2 Be6 7. e4 Be7 8. Ng5 Bg4 9. Bf3 Bxf3 10. Ngxf3 O-O 11. Qe2 dxe4 12. dxe4 Nd4 13. Qd3 Qc7 14. c3 Nxf3+ 15. Qxf3 Rfd8 16. Qe2 Qc6 17. a4 a6 18. a5 Rd7 19. f3 Rad8 20. Nc4 Qb5 21. Bg5 h6 22. Bxf6 Bxf6 23. Rf2 Rd3 24. Ne3 Bg5 25. Nd5 c4 26. Rd1 R8xd5 27. exd5 Qxd5 28. Rxd3 cxd3 29. Qe4 Qxe4 30. fxe4 Be3 31. Kg2 Bxf2 32. Kxf2 f5 33. exf5 e4 34. b4 Kf7 35. c4 Ke7 36. Ke3 Kd6 37. g4 Ke5 38. h4 h5 39. gxh5 Kxf5 40. b5 Ke6 41. c5 Kd7 42. c6+ bxc6 43. b6 c5 44. Kd2 c4 45. Kc3 Kc6 46. Kd2 Kb7 47. Kc3 e3 48. h6 gxh6 49. h5 e2 50. Kd2 c3+ 0-1


[Site "https://www.chess.com"]

[Event "Titled Tuesday Blitz April 12 Early 2022"]
[White "Pinheiro, Iung Alicio de O."]
[Black "Demin, Vladimir"]
[WhiteFideId "2104350"]
[BlackFideId "4167457"]
[WhiteElo "2571"]
[BlackElo "2393"]
[Result "0-1"]
[Round "10"]
[TimeControl "180+1"]
[Date "2022.04.13"]
[WhiteClock "0:00:05"]
[BlackClock "0:00:07"]

1. c4 Nf6 2. g3 e6 3. Bg2 d5 4. Nf3 Be7 5. O-O O-O 6. Qc2 a6 7. cxd5 exd5 8. d4 Bg4 9. Ne5 Bh5 10. Nc3 Nbd7 11. Qb3 Nb6 12. Bg5 c6 13. a4 a5 14. Rfe1 h6 15. Bf4 Bd6 16. Rad1 Rb8 17. f3 Qc7 18. g4 Bg6 19. e4 Nc4 20. exd5 cxd5 21. Nb5 Qb6 22. Kh1 Rbc8 23. h4 Bb4 24. Nxg6 fxg6 25. Re2 Rfe8 26. Be5 Nd7 27. f4 Qe6 28. Qf3 Ncxe5 29. dxe5 Nb6 30. f5 Qf7 31. Nd4 Rc4 32. Ne6 gxf5 33. gxf5 Rxe6 34. fxe6 Qxe6 35. Bh3 Rxh4 36. Kg2 Qg6+ 37. Qg3 Qh5 38. Be6+ Kh7 39. Rf1 Nc4 40. Bf5+ g6 41. Be6 Kh8 42. Rf8+ Kg7 43. Rf7+ Kh8 44. Ref2 Nxe5 45. Rf8+ Kh7 46. Bg8+ Kg7 47. Re8 Rg4 48. Rxe5 Rxg3+ 49. Kxg3 Qxe5+ 50. Kg2 Kxg8 51. Kf3 Qe4+ 52. Kg3 Bd6+ 53. Kh3 g5 54. b4 g4+ 55. Kh4 g3+ 56. Kh5 gxf2 57. bxa5 f1=Q 58. a6 Qh3# 0-1


[Site "https://www.chess.com"]

[Event "Titled Tuesday Blitz April 12 Early 2022"]
[White "Pourkashiyan, Atousa"]
[Black "parintele_chess"]
[WhiteFideId "12502014"]
[WhiteElo "2247"]
[BlackElo "2253"]
[Result "0-1"]
[Round "10"]
[TimeControl "180+1"]
[Date "2022.04.13"]
[WhiteClock "0:00:56"]
[BlackClock "0:00:51"]

1. e4 c6 2. d4 d5 3. Nd2 dxe4 4. Nxe4 Nf6 5. Nxf6+ gxf6 6. c3 Nd7 7. Nf3 Nb6 8. Bd3 Bg4 9. O-O Rg8 10. Kh1 Qd5 11. Bf4 e5 12. dxe5 fxe5 13. Bxe5 O-O-O 14. Bf6 Qxd3 15. Bxd8 Qxd8 16. Qxd8+ Kxd8 17. Ne5 Be6 18. Rad1+ Kc7 19. b3 Bd6 20. f4 Bxe5 21. fxe5 Rd8 22. Rxd8 Kxd8 23. c4 Ke7 24. h3 Nd7 25. Re1 Bf5 26. g4 Bg6 27. Kh2 Ke6 28. Kg3 Nxe5 29. Kf4 f6 30. g5 Kf7 31. Rd1 Nd3+ 32. Kg4 Nf2+ 33. Kf4 Nxd1 0-1


[Site "https://www.chess.com"]

[Event "Titled Tuesday Blitz April 12 Early 2022"]
[White "Pranav, V"]
[Black "Wagh Suyog"]
[WhiteFideId "25060783"]
[BlackFideId "25071688"]
[WhiteElo "2349"]
[BlackElo "2181"]
[Result "0-1"]
[Round "10"]
[TimeControl "180+1"]
[Date "2022.04.12"]
[WhiteClock "0:00:01"]
[BlackClock "0:00:50"]

1. b3 d5 2. Bb2 c5 3. e3 Nc6 4. f4 Nf6 5. Nf3 g6 6. Bb5 Bg7 7. O-O Bd7 8. Bxc6 Bxc6 9. Ne5 Rc8 10. d3 O-O 11. Nd2 Qc7 12. Qf3 Rfe8 13. Qh3 b6 14. Rae1 Bb7 15. Ba1 a5 16. Ndf3 a4 17. Nxf7 Qd7 18. Qxd7 Nxd7 19. Bxg7 Kxf7 20. Bh6 Kg8 21. Ng5 e5 22. fxe5 Nxe5 23. h3 Rc7 24. d4 Nf7 25. Nxf7 Rxf7 26. Rxf7 Kxf7 27. bxa4 Ra8 28. Rb1 Rxa4 29. Rxb6 Bc8 30. dxc5 Rc4 31. Rc6 Bf5 32. Rc7+ Ke6 33. Bf8 Rxc2 34. Rxh7 Be4 35. g4 d4 36. exd4 Kd5 37. Rd7+ Kc4 38. Bg7 Kd3 39. Rf7 Rg2+ 40. Kf1 Rxa2 41. h4 Bd5 42. Rf8 Ke3 43. Bh6+ Kd3 44. h5 gxh5 45. gxh5 Rh2 46. Rf5 Be4 47. Rg5 Kxd4 48. Kg1 Rh1+ 49. Kf2 Rh2+ 50. Kg3 Rg2+ 51. Kf4 Rf2+ 52. Kg3 Rg2+ 53. Kf4 Rh2 54. Rg6 Bxg6 55. Bg7+ Kxc5 56. hxg6 Kd6 57. Kg5 Ke6 58. Bd4 Rd2 59. Bc3 Rd3 60. Bb2 Rg3+ 61. Kh5 Kf5 62. Kh4 Rxg6 63. Kh3 Kf4 64. Kh2 Kf3 65. Bd4 Rg4 66. Bc5 Rc4 67. Bb6 Rc6 68. Ba7 Re6 69. Kh1 Kg3 70. Bb8+ Kf3 71. Bh2 Rh6 72. Kg1 Rh5 73. Kh1 Rg5 74. Bg1 Ke2 75. Bh2 Kf1 76. Bf4 Rg4 77. Bh2 Kf2 78. Bc7 Re4 79. Bh2 Kf3 0-1


[Site "https://www.chess.com"]

[Event "Titled Tuesday Blitz April 12 Early 2022"]
[White "Raahul V S"]
[Black "Zhigalko, Sergei"]
[WhiteFideId "25035525"]
[BlackFideId "13502956"]
[WhiteElo "2185"]
[BlackElo "2662"]
[Result "0-1"]
[Round "10"]
[TimeControl "180+1"]
[Date "2022.04.12"]
[WhiteClock "0:00:08"]
[BlackClock "0:00:19"]

1. c4 e5 2. Nc3 Nf6 3. Nf3 Nc6 4. e3 Bb4 5. Qc2 d6 6. Ne2 a5 7. a3 Bc5 8. b3 O-O 9. Ng3 Re8 10. d3 Bb6 11. Be2 Ne7 12. O-O Ng6 13. Bb2 c6 14. h3 h6 15. Rac1 Qe7 16. Rfd1 Bc7 17. Nd2 Bd7 18. Nde4 Nxe4 19. dxe4 Qf6 20. Rd3 Be6 21. Rcd1 Nh4 22. f4 Qg6 23. Kh2 exf4 24. exf4 d5 25. Bh5 Qh7 26. cxd5 Bd7 27. Qc1 Rxe4 28. Nxe4 Qxe4 29. Rg3 Bxf4 30. Qc3 Qxg2# 0-1


[Site "https://www.chess.com"]

[Event "Titled Tuesday Blitz April 12 Early 2022"]
[White "Rohith Krishna S"]
[Black "Maksimenko, Viktor"]
[WhiteFideId "46617051"]
[BlackFideId "13710478"]
[WhiteElo "2117"]
[BlackElo "2269"]
[Result "1-0"]
[Round "10"]
[TimeControl "180+1"]
[Date "2022.04.12"]
[WhiteClock "0:01:00"]
[BlackClock "0:00:09"]

1. e4 c6 2. d4 d5 3. e5 Bf5 4. c3 e6 5. Nf3 h6 6. Bd3 Ne7 7. O-O Nd7 8. h3 g5 9. Ne1 Bxd3 10. Nxd3 Nf5 11. Be3 h5 12. Nd2 Qe7 13. Qe2 O-O-O 14. a4 Bh6 15. a5 a6 16. b4 Rdg8 17. Nc5 Nxc5 18. bxc5 g4 19. Bxh6 Rxh6 20. Qd3 Qh4 21. Kh1 Rhg6 22. Rab1 gxh3 23. Qxh3 Qe7 24. Nf3 h4 25. Rb3 Rd8 26. Rfb1 Rd7 27. Ne1 Qg5 28. Nd3 Ng3+ 29. Kh2 Nf5 30. Qf3 Kb8 31. Nf4 Rg8 32. Nh5 h3 33. g3 Rg6 34. Nf6 Rxf6 35. exf6 Qxf6 36. g4 Qh4 37. gxf5 Ka7 38. Qg3 Qh6 39. Re1 e5 40. Rxe5 Rd8 41. Re7 Rb8 42. Qxb8+ Kxb8 43. Rexb7+ Kc8 44. Rb8+ Kd7 45. R3b7# 1-0


[Site "https://www.chess.com"]

[Event "Titled Tuesday Blitz April 12 Early 2022"]
[White "Roman, Rodrigo"]
[Black "Chernomordik, Pavel"]
[WhiteFideId "3701220"]
[BlackFideId "2804530"]
[WhiteElo "2001"]
[BlackElo "2220"]
[Result "0-1"]
[Round "10"]
[TimeControl "180+1"]
[Date "2022.04.13"]
[WhiteClock "0:01:31"]
[BlackClock "0:00:47"]

1. e4 g6 2. Nf3 Bg7 3. Bb5 a6 4. Ba4 b5 5. Bb3 c5 6. c3 Bb7 7. Qe2 d6 8. O-O Nd7 9. a4 c4 10. Bc2 Ngf6 11. axb5 axb5 12. Rxa8 Qxa8 13. b3 cxb3 14. Bxb3 Bxe4 15. Na3 b4 16. cxb4 O-O 17. Bb2 Qb7 18. Ng5 Bd5 19. Bxd5 Qxd5 20. Nf3 e5 21. d4 e4 22. Nd2 Rb8 23. Nac4 Rxb4 24. Ne3 Qb7 25. Bc3 Rb6 26. Qc4 d5 27. Qa4 h5 28. g3 Kh7 29. Ra1 Rc6 30. Rb1 Qc8 31. Bb2 Nb6 32. Qb5 Ng4 33. Nxd5 Qf5 34. Nxe4 Qxe4 35. Qxc6 Qxb1+ 36. Kg2 Qe4+ 37. Kf1 Nxd5 0-1


[Site "https://www.chess.com"]

[Event "Titled Tuesday Blitz April 12 Early 2022"]
[White "Sadilek, Peter"]
[Black "Belenkaya, Dina"]
[WhiteFideId "1616439"]
[BlackFideId "24142654"]
[WhiteElo "2145"]
[BlackElo "2196"]
[Result "1-0"]
[Round "10"]
[TimeControl "180+1"]
[Date "2022.04.13"]
[WhiteClock "0:00:56"]
[BlackClock "0:00:07"]

1. Nf3 d5 2. d4 c6 3. c4 Nf6 4. Nc3 e6 5. g3 Be7 6. Bg2 O-O 7. O-O dxc4 8. e4 Nbd7 9. Bf4 b5 10. d5 cxd5 11. exd5 exd5 12. Nxd5 Nxd5 13. Qxd5 Nb6 14. Qxb5 Be6 15. Rfd1 Qe8 16. Qh5 Rc8 17. Nd4 Rc5 18. Qe2 Bd5 19. Nf5 Bf6 20. Qxe8 Rxe8 21. Be3 Ra5 22. Bxb6 axb6 23. Bxd5 Re5 24. Ne3 Bg5 25. Nxc4 Raxd5 26. Nxe5 Rxe5 27. f4 Re2 28. fxg5 1-0


[Site "https://www.chess.com"]

[Event "Titled Tuesday Blitz April 12 Early 2022"]
[White "Samaganova, Aleksandra"]
[Black "Butti, Enrique"]
[WhiteFideId "13800221"]
[BlackFideId "3700470"]
[WhiteElo "1859"]
[BlackElo "2080"]
[Result "1-0"]
[Round "10"]
[TimeControl "180+1"]
[Date "2022.04.13"]
[WhiteClock "0:00:02"]
[BlackClock "0:00:02"]

1. c4 e5 2. Nc3 Nc6 3. g3 g6 4. Bg2 Bg7 5. e3 d6 6. Nge2 h5 7. h3 f5 8. d4 h4 9. b3 hxg3 10. fxg3 g5 11. Bb2 f4 12. d5 Nce7 13. exf4 exf4 14. Qd2 Nf5 15. gxf4 gxf4 16. O-O-O Ne3 17. Rdg1 Nxg2 18. Rxg2 Be5 19. Qd3 Ne7 20. Rhg1 Bf5 21. Qd2 Bxh3 22. Rf2 Qd7 23. Nxf4 O-O-O 24. Kb1 Nf5 25. Ne6 Rdg8 26. Ne4 Rxg1+ 27. Kc2 Qh7 28. N6g5 Qg6 29. Nxh3 Rxh3 30. Bxe5 dxe5 31. d6 Nd4+ 32. Kb2 Qxe4 33. Rf8+ Kd7 34. dxc7 Kxc7 35. Qa5+ Kd7 36. Qd8+ Ke6 37. Rf6# 1-0


[Site "https://www.chess.com"]

[Event "Titled Tuesday Blitz April 12 Early 2022"]
[White "Samant Aditya S"]
[Black "Estrada Nieto, Julian"]
[WhiteFideId "35080580"]
[BlackFideId "5101018"]
[WhiteElo "1916"]
[BlackElo "2252"]
[Result "1/2-1/2"]
[Round "10"]
[TimeControl "180+1"]
[Date "2022.04.13"]
[WhiteClock "0:00:09"]
[BlackClock "0:00:07"]

1. d4 d5 2. c4 dxc4 3. e3 Nf6 4. Bxc4 e6 5. Nf3 c5 6. Nc3 a6 7. a4 Nc6 8. O-O Be7 9. Qe2 cxd4 10. exd4 Nxd4 11. Nxd4 Qxd4 12. Be3 Qh4 13. Rad1 Bd7 14. Rd4 Qh5 15. Qxh5 Nxh5 16. Ne4 Nf6 17. Nd6+ Bxd6 18. Rxd6 Bc6 19. b3 O-O 20. Rfd1 Rac8 21. f3 Bd5 22. Rc1 Bxc4 23. bxc4 Rfd8 24. Rb6 Rd7 25. Kf2 Kf8 26. a5 Ke8 27. g4 h6 28. h4 Rdc7 29. Rb4 Nd7 30. Rcb1 Ne5 31. Rxb7 Nxc4 32. Rxc7 Rxc7 33. Bd4 f6 34. Rc1 Kd7 35. Rd1 Kc6 36. Ra1 e5 37. Bc3 Rb7 38. Rc1 Kd5 39. Be1 Rb2+ 40. Kg3 Ra2 41. Rd1+ Ke6 42. Rc1 Nxa5 43. Rc8 Nb7 44. Rc7 Nd6 45. Rxg7 e4 46. f4 Ra3+ 47. Kf2 e3+ 48. Kf3 Nc4 49. f5+ Ke5 50. Bg3+ Kd4 51. Rd7+ Kc3 52. Bf4 Ra2 53. Bxe3 Nxe3 54. Kxe3 Rh2 55. Rd6 Rxh4 56. Kf4 h5 57. Rxf6 Rxg4+ 58. Ke5 a5 59. Ra6 Kb4 60. f6 Rg1 61. Ke6 Re1+ 62. Kd7 Rf1 63. Ke7 a4 64. f7 a3 65. Rb6+ Kc3 66. Ra6 Kb2 67. Rf6 Rxf6 68. Kxf6 a2 69. f8=Q a1=Q 70. Kg5 Kb1 71. Qf1+ Ka2 72. Qe2+ Qb2 73. Qc4+ Qb3 74. Qe2+ Qb2 75. Qe6+ Qb3 76. Qa6+ Qa3 77. Qc4+ Qb3 78. Qf4 Qb5+ 79. Kh4 Kb3 80. Qg3+ Kb4 81. Qf4+ Qc4 82. Qxc4+ Kxc4 83. Kxh5 1/2-1/2


[Site "https://www.chess.com"]

[Event "Titled Tuesday Blitz April 12 Early 2022"]
[White "Sarana, Alexey"]
[Black "Bluebaum, Matthias"]
[WhiteFideId "24133795"]
[BlackFideId "24651516"]
[WhiteElo "2666"]
[BlackElo "2550"]
[Result "0-1"]
[Round "10"]
[TimeControl "180+1"]
[Date "2022.04.12"]
[WhiteClock "0:00:04"]
[BlackClock "0:00:16"]

1. d4 Nf6 2. c4 e6 3. Nc3 Bb4 4. Qc2 d5 5. a3 Bxc3+ 6. Qxc3 b6 7. e3 Ba6 8. b3 O-O 9. Bb2 Nbd7 10. Bd3 c5 11. Ne2 Rc8 12. O-O cxd4 13. Nxd4 dxc4 14. bxc4 Ne5 15. Rfd1 Nxd3 16. Qxd3 Bxc4 17. Qd2 Qd5 18. f3 Rfd8 19. e4 Qb7 20. Qg5 h6 21. Qg3 Qc7 22. Qh4 e5 23. Nf5 Rxd1+ 24. Rxd1 Be6 25. Rc1 Qd8 26. Rxc8 Bxc8 27. Nxh6+ gxh6 28. Qg3+ Ng4 29. Qe1 Nf6 30. Bxe5 Be6 31. h4 Nh5 32. Bb2 Kh7 33. g4 Nf4 34. Qe3 Qd1+ 35. Kh2 Qc2+ 36. Kg3 Ne2+ 37. Kh3 Qxb2 38. e5 Nd4 39. Qe4+ Kg7 40. Qf4 Qf2 41. Qf6+ Kh7 0-1


[Site "https://www.chess.com"]

[Event "Titled Tuesday Blitz April 12 Early 2022"]
[White "Secheres, Adrian-Simion"]
[Black "Grandelius, Nils"]
[WhiteFideId "1217445"]
[BlackFideId "1710400"]
[WhiteElo "2277"]
[BlackElo "2617"]
[Result "0-1"]
[Round "10"]
[TimeControl "180+1"]
[Date "2022.04.12"]
[WhiteClock "0:00:13"]
[BlackClock "0:00:59"]

1. d4 Nf6 2. c4 c6 3. Nc3 d5 4. Nf3 dxc4 5. e4 b5 6. Be2 e6 7. O-O Be7 8. b3 b4 9. e5 Nd5 10. Ne4 c3 11. Bc4 a5 12. Nfg5 h6 13. Qh5 g6 14. Qh3 a4 15. Rb1 axb3 16. axb3 Nd7 17. Be3 N7b6 18. Ra1 Rxa1 19. Rxa1 Nxe3 20. fxe3 Bxg5 21. Nd6+ Kf8 22. Rf1 f5 23. Bd3 Nd5 24. e4 Nf4 25. Qg3 Qb6 26. Rxf4 Qxd4+ 27. Rf2 Ba6 28. h4 Qxd3 29. Qxd3 Bxd3 30. hxg5 c2 0-1


[Site "https://www.chess.com"]

[Event "Titled Tuesday Blitz April 12 Early 2022"]
[White "Seo, Jung Min"]
[Black "Sztokbant, Bernardo Vainzoff"]
[WhiteFideId "1734687"]
[BlackFideId "2115956"]
[WhiteElo "2401"]
[BlackElo "2225"]
[Result "1-0"]
[Round "10"]
[TimeControl "180+1"]
[Date "2022.04.13"]
[WhiteClock "0:00:55"]
[BlackClock "0:00:01"]

1. d4 d5 2. c4 dxc4 3. e4 e5 4. Nf3 Nf6 5. Bxc4 Bb4+ 6. Nc3 O-O 7. O-O exd4 8. Nxd4 Bxc3 9. bxc3 Nxe4 10. Qf3 Nd6 11. Bb3 Nd7 12. Ba3 Qf6 13. Qg3 Ne5 14. Rfe1 Ng6 15. Rad1 Bd7 16. c4 b6 17. c5 bxc5 18. Bxc5 Rfe8 19. Nf3 Nf4 20. Qg5 Nh3+ 21. gxh3 Qxf3 22. Qg3 Bc6 23. Qxf3 Bxf3 24. Rc1 Rxe1+ 25. Rxe1 Re8 26. Rxe8+ Nxe8 27. Bxa7 Nd6 28. Bc5 Ne4 29. Be3 Kf8 30. a4 Ke7 31. a5 Nd6 32. a6 Kd7 33. Ba4+ Kc8 34. Bc2 g6 35. Kf1 Nc4 36. Bd4 Nb6 37. Ke1 Kb8 38. Bb3 f5 39. Bg8 h5 40. Bf7 Ka7 41. Bxg6 f4 42. Be5 Nd5 43. Bd3 Bg2 44. h4 f3 45. Kd2 Nb4 46. Bd4+ Kb8 47. Bc4 Nc6 48. Bc5 Ne5 49. Bb5 c6 50. Ba4 Nd7 51. Be3 Ne5 52. Kc3 Nd7 53. Bxc6 Ne5 54. a7+ Kc7 55. a8=Q Nxc6 56. Bf4+ Kb6 57. Qa3 Bh3 58. Be3+ Kc7 59. Qc5 1-0


[Site "https://www.chess.com"]

[Event "Titled Tuesday Blitz April 12 Early 2022"]
[White "Shohat, Yotam"]
[Black "Zaksaite, Salomeja"]
[WhiteFideId "2813955"]
[BlackFideId "12801496"]
[WhiteElo "2119"]
[BlackElo "1953"]
[Result "1-0"]
[Round "10"]
[TimeControl "180+1"]
[Date "2022.04.13"]
[WhiteClock "0:00:02"]
[BlackClock "0:00:02"]

1. e4 c5 2. Nf3 e6 3. g3 Nc6 4. Bg2 Nf6 5. e5 Ng4 6. Qe2 Qc7 7. d4 cxd4 8. Bf4 h5 9. O-O d6 10. exd6 Bxd6 11. Bxd6 Qxd6 12. Nbd2 O-O 13. Rad1 d3 14. cxd3 Bd7 15. Nc4 Qe7 16. d4 Rac8 17. Rfe1 Nb4 18. h3 Bb5 19. b3 Nf6 20. Nfe5 Nbd5 21. Qd2 Be8 22. Qg5 b5 23. Ne3 Nxe3 24. fxe3 Rc2 25. Be4 Rxa2 26. Bb1 Rb2 27. Rf1 Nd5 28. Qxh5 f5 29. Qf3 Qg5 30. Rde1 Bh5 31. g4 Be8 32. Bd3 Rf6 33. Qg3 fxg4 34. hxg4 Rxf1+ 35. Rxf1 Qxe3+ 36. Qxe3 Nxe3 37. Rc1 Nd5 38. Rc8 Kf8 39. Bg6 Nf6 40. g5 Ke7 41. gxf6+ gxf6 42. Rxe8+ Kd6 43. Rd8+ Kc7 44. Rd7+ Kc8 45. Rxa7 fxe5 46. dxe5 Rxb3 47. Bf7 Re3 48. Bxe6+ Kb8 49. Rg7 Rxe5 50. Bb3 Rc5 51. Kf2 Rc7 52. Rg8+ Ka7 53. Rg5 Kb6 54. Rg6+ Rc6 55. Rg3 Kc5 56. Ke2 Kb4 57. Bd5 Rc3 58. Rg7 Kc5 59. Bf3 Kb4 60. Rb7 Rc5 61. Kd3 Rf5 62. Be4 Re5 63. Kd4 Rg5 64. Bd5 Rg4+ 65. Ke5 Rg5+ 66. Kd6 Rg3 67. Bc6 Rg6+ 68. Kc7 Rg7+ 69. Bd7 Kc4 70. Kc6 1-0


[Site "https://www.chess.com"]

[Event "Titled Tuesday Blitz April 12 Early 2022"]
[White "Silvestre, Christian"]
[Black "Piliczewski, Bogusz"]
[WhiteFideId "30956269"]
[BlackFideId "1104144"]
[WhiteElo "2439"]
[BlackElo "1896"]
[Result "1-0"]
[Round "10"]
[TimeControl "180+1"]
[Date "2022.04.13"]
[WhiteClock "0:00:32"]
[BlackClock "0:00:57"]

1. e4 c6 2. Nc3 d5 3. Nf3 Bg4 4. h3 Bxf3 5. Qxf3 dxe4 6. Nxe4 e6 7. g3 Nd7 8. Bg2 Ngf6 9. d3 Be7 10. O-O O-O 11. Bd2 Nxe4 12. dxe4 Ne5 13. Qe2 Bf6 14. Bc3 Qc7 15. f4 Nd7 16. e5 Be7 17. f5 exf5 18. e6 Bc5+ 19. Kh1 fxe6 20. Qxe6+ Kh8 21. Rad1 Nf6 22. Rxf5 Rae8 23. Qc4 Bd6 24. g4 h6 25. Bxf6 Rxf6 26. Rxf6 gxf6 27. Qd3 Be5 28. Qg6 Re7 29. Qxh6+ Rh7 30. Qf8# 1-0


[Site "https://www.chess.com"]

[Event "Titled Tuesday Blitz April 12 Early 2022"]
[White "Sjugirov, Sanan"]
[Black "Dubov, Daniil"]
[WhiteFideId "4189302"]
[BlackFideId "24126055"]
[WhiteElo "2602"]
[BlackElo "2791"]
[Result "1-0"]
[Round "10"]
[TimeControl "180+1"]
[Date "2022.04.12"]
[WhiteClock "0:00:23"]
[BlackClock "0:00:46"]

1. e4 c5 2. Nf3 e6 3. d4 cxd4 4. Nxd4 a6 5. Bd3 Bc5 6. Nb3 Ba7 7. Qe2 Ne7 8. Nc3 O-O 9. Be3 Nbc6 10. O-O-O b5 11. Kb1 b4 12. Na4 d5 13. exd5 Nxd5 14. Be4 Bxe3 15. fxe3 Qe7 16. Bxd5 exd5 17. Nb6 Rb8 18. Nxd5 Qe5 19. Qf3 Bf5 20. Qf4 Rfe8 21. Qxe5 Rxe5 22. Rd2 a5 23. Nc1 h5 24. h3 h4 25. b3 Be6 26. Rhd1 Na7 27. Kb2 Nb5 28. Ne7+ Kh7 29. Nc6 Rxe3 30. Nxb8 a4 31. Nc6 a3+ 32. Ka1 Nc3 33. Rf1 Ne4 34. Re2 1-0


[Site "https://www.chess.com"]

[Event "Titled Tuesday Blitz April 12 Early 2022"]
[White "Skliarov, Viktor"]
[Black "Bach, Ngoc Thuy Duong"]
[WhiteFideId "14106736"]
[BlackFideId "12408956"]
[WhiteElo "2229"]
[BlackElo "1862"]
[Result "1-0"]
[Round "10"]
[TimeControl "180+1"]
[Date "2022.04.13"]
[WhiteClock "0:00:15"]
[BlackClock "0:00:02"]

1. e4 c5 2. Nf3 d6 3. d4 cxd4 4. Qxd4 a6 5. Be3 Nc6 6. Qd2 Nf6 7. Nc3 Bg4 8. h3 Bxf3 9. gxf3 Ne5 10. Be2 Rc8 11. f4 Nc4 12. Bxc4 Rxc4 13. f3 e6 14. Rg1 Nd7 15. O-O-O b5 16. Kb1 Rc6 17. Ne2 Nb6 18. Bxb6 Qxb6 19. f5 g6 20. fxe6 fxe6 21. Nd4 Be7 22. Nxc6 Qxc6 23. Rge1 Kd7 24. f4 Rc8 25. Qd3 Qc5 26. Rf1 a5 27. f5 gxf5 28. exf5 e5 29. f6 Bf8 30. Qxh7+ Kc6 31. Rf3 Kb6 32. Rc3 1-0


[Site "https://www.chess.com"]

[Event "Titled Tuesday Blitz April 12 Early 2022"]
[White "Stribuk, Artiom"]
[Black "Xiong, Jeffery"]
[WhiteFideId "13515659"]
[BlackFideId "2047640"]
[WhiteElo "2259"]
[BlackElo "2727"]
[Result "0-1"]
[Round "10"]
[TimeControl "180+1"]
[Date "2022.04.12"]
[WhiteClock "0:00:01"]
[BlackClock "0:00:27"]

1. d4 Nf6 2. c4 e6 3. g3 d5 4. Nf3 dxc4 5. Bg2 c6 6. O-O b5 7. Ne5 Bb7 8. a4 a6 9. Nc3 Qb6 10. e4 Be7 11. b3 cxb3 12. Be3 b2 13. Rb1 O-O 14. Rxb2 Rd8 15. Nc4 Qa7 16. Qb1 Ng4 17. Bf4 Qxd4 18. Na5 Qxc3 19. Nxb7 Rd7 20. Rc1 Qd4 21. Na5 e5 22. Rd2 Qb6 23. Nc4 Qc7 24. Bh3 exf4 25. Bxg4 bxc4 26. Bxd7 Nxd7 27. Rxc4 Ne5 28. Rc3 Rb8 29. Rb2 Rxb2 30. Qxb2 f3 31. a5 Qxa5 32. Qb8+ Qd8 33. Rb3 Qxb8 34. Rxb8+ Bf8 35. Ra8 g5 36. Rxa6 g4 37. h3 h5 38. hxg4 hxg4 39. Kf1 f6 40. Ke1 Kf7 41. Kd2 Bc5 42. Ke1 Nd3+ 43. Kf1 Nxf2 44. Rxc6 Nxe4 45. Rc7+ Kg6 46. Ke1 f2+ 0-1


[Site "https://www.chess.com"]

[Event "Titled Tuesday Blitz April 12 Early 2022"]
[White "Tari, Aryan"]
[Black "Mikhailov, Viacheslav"]
[WhiteFideId "1510045"]
[BlackFideId "4187369"]
[WhiteElo "2567"]
[BlackElo "2381"]
[Result "0-1"]
[Round "10"]
[TimeControl "180+1"]
[Date "2022.04.12"]
[WhiteClock "0:00:44"]
[BlackClock "0:00:25"]

1. b3 Nf6 2. Bb2 g6 3. e4 Bg7 4. g3 O-O 5. Bg2 d6 6. Ne2 c5 7. O-O Nc6 8. d4 cxd4 9. Nxd4 Bd7 10. c4 Rc8 11. Re1 Qa5 12. Nxc6 Bxc6 13. Nc3 Rfe8 14. Qe2 a6 15. Rad1 b5 16. cxb5 axb5 17. e5 dxe5 18. Bxc6 Rxc6 19. Qxb5 Qxb5 20. Nxb5 Rc2 21. Rb1 Ng4 22. Na3 Rd2 23. Nc4 Rc2 24. Rbc1 Rxf2 25. h3 Rf3 26. hxg4 Rxg3+ 27. Kf2 Rxg4 28. Bxe5 Rh4 29. Bg3 Rh5 30. Re2 Bd4+ 31. Kg2 e5 32. Nd6 Re6 33. Ne4 f5 34. Rc8+ Kg7 35. Nc5 Re7 36. Nd3 Rg5 37. Kh2 Rh5+ 38. Kg2 Rg5 39. Rd8 Rc7 40. Rxd4 exd4 41. Kf2 Rc3 42. Nf4 Rgxg3 43. Re8 Rcf3+ 0-1


[Site "https://www.chess.com"]

[Event "Titled Tuesday Blitz April 12 Early 2022"]
[White "Tasev, Dejan"]
[Black "Sanchez, Robert"]
[WhiteFideId "936618"]
[BlackFideId "2034360"]
[WhiteElo "2253"]
[BlackElo "2385"]
[Result "1-0"]
[Round "10"]
[TimeControl "180+1"]
[Date "2022.04.13"]
[WhiteClock "0:01:45"]
[BlackClock "0:01:41"]

1. e4 e6 2. d4 d5 3. Nc3 Nf6 4. e5 Nfd7 5. f4 c5 6. Nf3 Nc6 7. Be3 Be7 8. Qd2 O-O 9. Be2 a6 10. O-O cxd4 11. Nxd4 Nxd4 12. Bxd4 Nc5 13. Nd1 Ne4 14. Qe3 Bd7 15. Nf2 Nxf2 16. Rxf2 Rc8 17. c3 Rc6 18. Raf1 g6 19. Bd3 Qc7 20. g4 Bc5 21. f5 Bxd4 22. cxd4 f6 23. fxg6 hxg6 24. Rxf6 Rxf6 25. Rxf6 Be8 26. Bxg6 Rc1+ 27. Kg2 Bxg6 28. Rxg6+ Kf7 29. Rf6+ Ke7 30. Qg5 Rc2+ 31. Kg3 1-0


[Site "https://www.chess.com"]